[Event "USA Championship 2022"]
[Site "Saint Louis"]
[Date "2022.10.09"]
[Round "5.1"]
[White "Robson, Ray"]
[Black "Swiercz, Dariusz"]
[Result "1/2-1/2"]
[ECO "D12"]
[WhiteElo "2690"]
[BlackElo "2652"]
[Annotator "TA"]
[PlyCount "232"]
[EventDate "2022.09.05"]
[EventType "tourn"]
[EventCountry "USA"]
[SourceTitle "playchess.com"]
[Source "ChessBase"]
[SourceQuality "1"]
[TimeControl "40/5400+30:1800+30"]

1. d4 d5 2. c4 c6 3. Nf3 Nf6 4. e3 Bf5 5. Nh4 Bg6 6. Nxg6 hxg6 7. Nd2 e6 8. g3 c5 9. dxc5 Bxc5 10. Bg2 Nc6 11. O-O O-O 12. cxd5 exd5 13. Nb3 Bb6 14. Bd2 Qe7 15. Bc3 Rad8 16. Nd4 Rfe8 17. Qa4 Qd7 18. Nxc6 bxc6 19. Rad1 Qe6 20. Bd4 Ne4 21. b4 Rc8 22. Qc2 Nd6 23. a4 Nc4 24. Qc3 Bxd4 25. Rxd4 Qf6 26. Qd3 a6 27. Rf4 Qe7 28. b5 axb5 29. axb5 g5 30. Rd4 cxb5 31. Bxd5 Rc5 32. Bxc4 bxc4 33. Rxc4 Rxc4 34. Qxc4 Qe4 35. Qe2 g4 36. Rc1 Rb8 37. Qc4 Qf3 38. Qf4 Qxf4 39. gxf4 f5 40. Rc5 g6 41. Rc7 Rb2 42. Kg2 Kf8 43. Kg3 Ra2 44. Rb7 Rc2 45. Rh7 Kg8 46. Ra7 Kf8 47. Rd7 Ra2 48. Rc7 Rb2 49. Rh7 Kg8 50. Ra7 Kf8 51. h4 gxh3 52. Rh7 Rb1 53. Rxh3 Kg7 54. Kg2 Ra1 55. Rh1 Ra2 (55... Rxh1 56. Kxh1 Kh7 57. Kh2 $18) 56. Rb1 Kf6 57. Kg3 Rc2 58. Rb6+ Kf7 59. Kf3 Ra2 60. Rd6 Rb2 61. Kg2 Ra2 62. Kf1 Rb2 63. Ke1 Ra2 64. Rd2 Ra3 65. Ke2 Ke6 66. Rc2 Ke7 67. f3 Ra6 68. e4 Ke6 69. Rc3 Kf6 70. e5+ ({White should play} 70. Ke3 $14) 70... Ke6 71. Kf2 Kf7 72. Rc7+ Kf8 73. Ke3 Ra4 $1 74. Rd7 Rb4 75. Rd4 Rb3+ 76. Kf2 ({But not} 76. Rd3 $6 Rb4 77. Rd4 Rb2 $16) 76... Rb2+ 77. Kg3 Kg7 78. Rd7+ Kf8 79. Rd1 $1 Re2 80. Rf1 Kf7 81. Rf2 Re1 82. Ra2 Rg1+ 83. Kf2 Rb1 84. Ra4 Rb3 85. Rc4 Ra3 86. Ke2 Rb3 87. Ra4 Rc3 88. Rd4 Ra3 89. Kf2 Ra2+ 90. Kg3 Re2 91. Rd6 Kg7 92. Rd7+ Kf8 93. Kh4 Rg2 $1 94. Ra7 Rg1 95. Ra2 Kf7 96. Re2 Rh1+ 97. Kg3 Rg1+ 98. Kf2 Ra1 99. Re1 Ra2+ 100. Kg3 Rb2 101. Kh3 Rf2 102. Kg3 Rb2 103. Rc1 Re2 104. Rc7+ Kf8 105. Kh4 Rg2 $1 106. e6 Rg1 107. Ra7 Rg2 108. Rf7+ Kg8 109. Rb7 Kf8 110. Rb3 Ke7 111. Re3 Rg1 112. Re2 Rf1 113. Re3 Rg1 114. Re2 Rf1 115. Re3 $1 Rg1 116. Re2 Rf1 1/2-1/2

[Event "USA Championship 2022"]
[Site "Saint Louis"]
[Date "2022.10.09"]
[Round "5.2"]
[White "Liang, Awonder"]
[Black "Aronian, Levon"]
[Result "1-0"]
[ECO "C44"]
[WhiteElo "2608"]
[BlackElo "2755"]
[Annotator "TA"]
[PlyCount "63"]
[EventDate "2022.09.05"]
[EventType "tourn"]
[EventCountry "USA"]
[SourceTitle "playchess.com"]
[Source "ChessBase"]
[SourceQuality "1"]
[TimeControl "40/5400+30:1800+30"]

1. e4 e5 2. Nf3 Nc6 3. d4 exd4 4. Bc4 Bc5 5. Ng5 Nh6 6. Nxf7 Nxf7 7. Bxf7+ Kxf7 8. Qh5+ g6 9. Qxc5 d5 {[%emt 0:01:42] is more profitable than 9...d6 at the moment. C44: Ponziani Opening and Scotch Gambit.} 10. c3 $5 {[%emt 0:01:07][%mdl 4] A promising side line.} (10. Qxd5+ Qxd5 11. exd5 Re8+ 12. Kd1 Nb4 $17) (10. exd5 Re8+ 11. Kd1 Re5 $17) 10... dxe4 11. O-O Re8 {[%emt 0:09:13] The position is equal.} 12. cxd4 Qxd4 13. Qg5 {[%emt 0:00:17] [#]} Nb4 $146 ({Predecessor:} 13... Qf6 14. Qg3 Ne5 15. Nc3 Bf5 16. Bg5 Qd6 17. Bf4 Qe6 18. Rae1 Nd3 19. Re3 Nxf4 20. Qxf4 {0-1 (31) Samsonkin,A (2428)-Vokhidov,S (2530) Chess.com INT 2021}) 14. Bd2 {[%emt 0:12:53][%mdl 1024] Strongly threatening Bc3. White has compensation.} Qd6 {[%emt 0:20:51] [#]} (14... Kg8 $1 $11 {remains equal.}) 15. Nc3 $1 $16 {[%emt 0:22:19] And now Nb5 would win.} (15. Bxb4 Qxb4 16. Nc3 Kg7 $11) 15... c6 {[%emt 0:12:15] Prevents Nb5.} 16. Rad1 {[%emt 0:07:50] Black must now prevent Qh4.} Bf5 (16... Qe7 $142) 17. g4 h6 (17... Bd7 $16 {was worth a try.}) 18. Qh4 $18 (18. Qxh6 Rh8 19. Nxe4 Bxe4 $14) 18... Bc8 (18... Bd7 $142 19. Qxh6 Qf8) 19. Bxh6 (19. Qxh6 Qf8 $18) 19... Nd3 20. Bg5 Qe5 (20... Qd4 {is a better defense.} 21. Be3 Qh8 22. Qxh8 Rxh8) 21. f3 ({Weaker is} 21. Qh7+ Qg7 22. Qh3 Qe5 $18) 21... Rh8 22. fxe4+ Kg8 23. Bh6 {[%emt 0:00:19] Intending Rf8+ and mate.} ({Not} 23. Rxd3 Rxh4 24. Rd8+ Kg7 25. Bxh4 b5 26. Bf6+ Qxf6 27. Rg8+ (27. Rxf6 Kxf6 28. Kf2 Ke6 $18) 27... Kxg8 $18) 23... Qd4+ 24. Kh1 {[%emt 0:00:31] White threatens Rf8+ and mate.} Be6 (24... Bxg4 $142 25. Qxg4 Rxh6) 25. Qg5 Bf7 {[%emt 0:00:17] [#]} 26. Rxf7 $1 Rxh6 (26... Kxf7 27. Rf1+) 27. Rxd3 Qxd3 28. Qf6 Rxh2+ 29. Kxh2 Qd2+ 30. Kg1 Qc1+ 31. Kf2 (31. Kg2 $142 Qxb2+ 32. Kf3 Qxc3+ 33. Qxc3 Kxf7 34. Qb3+ Kf6 35. Qxb7 Rf8 36. Qxc6+ Ke7+ 37. Ke3) 31... Qh6 32. g5 {[%emt 0:00:28] Black got outplayed after the opening.  Weighted Error Value: White=0.14 (very precise) /Black=0.78} 1-0

[Event "USA Championship 2022"]
[Site "Saint Louis"]
[Date "2022.10.09"]
[Round "5.3"]
[White "Dominguez Perez, Leinier"]
[Black "Niemann, Hans Moke"]
[Result "1/2-1/2"]
[ECO "C67"]
[WhiteElo "2747"]
[BlackElo "2699"]
[Annotator "TA"]
[PlyCount "72"]
[EventDate "2022.09.05"]
[EventType "tourn"]
[EventCountry "USA"]
[SourceTitle "playchess.com"]
[Source "ChessBase"]
[SourceQuality "1"]
[TimeControl "40/5400+30:1800+30"]

1. e4 e5 2. Nf3 Nc6 3. Bb5 Nf6 4. O-O Nxe4 5. d4 Nd6 6. Bxc6 dxc6 7. dxe5 Nf5 8. Qxd8+ Kxd8 9. h3 Bd7 {[%emt 0:00:26] C67: Ruy Lopez: Berlin Defence: 4 0-0 Nxe4.} 10. Rd1 Be7 11. Nc3 Ke8 (11... Kc8 $15) 12. g4 {[%emt 0:02:47] [#] Strongly threatening Rxd7.} Nh4 13. Nxh4 Bxh4 14. Kg2 $36 {[%emt 0:04:16][%mdl 2048] [#] Black is under pressure.} h5 $146 ({Predecessor:} 14... a5 15. Be3 b6 16. b3 Rd8 17. Bf4 h5 18. f3 Be6 19. Bg3 Be7 20. Ne2 hxg4 21. hxg4 {½-½ (53) Sherwood,R (2415)-Potrata,J (2417) ICCF email 2021}) 15. f3 hxg4 16. hxg4 f6 17. Bf4 (17. exf6 $14 gxf6 18. Bf4) 17... f5 (17... g5 $5 18. Be3 f5 $14) 18. g5 Rh5 19. Ne2 {[%emt 0:01:34] White is more active.} Ke7 20. Rh1 Rah8 {[%emt 0:00:14] [#]} 21. Rh3 ({Better is} 21. Be3 $1 $16) 21... Bxg5 $11 {[%emt 0:01:15] The position is equal.} 22. Rxh5 Rxh5 23. Rh1 Bxf4 24. Rxh5 Bxe5 {[%emt 0:00:08][%mdl 4096] Endgame KRN-KB} 25. b3 c5 26. c4 a5 27. Kf2 a4 28. Ke3 axb3 29. axb3 Kf6 30. f4 Bd6 31. Nc3 Bc6 32. Rh8 {[%emt 0:00:22][%mdl 1024] White has compensation.} b6 33. Rg8 Kf7 34. Rh8 Kf6 35. Rg8 Kf7 36. Rh8 Kf6 {[%emt 0:00:12] Weighted Error Value: White=0.08 (flawless) /Black=0.07 (flawless)} 1/2-1/2

[Event "USA Championship 2022"]
[Site "Saint Louis"]
[Date "2022.10.09"]
[Round "5.4"]
[White "Yoo, Christopher Woojin"]
[Black "Sevian, Samuel"]
[Result "1/2-1/2"]
[ECO "C54"]
[WhiteElo "2563"]
[BlackElo "2684"]
[Annotator "TA"]
[PlyCount "230"]
[EventDate "2022.09.05"]
[EventType "tourn"]
[EventCountry "USA"]
[SourceTitle "playchess.com"]
[Source "ChessBase"]
[SourceQuality "1"]
[TimeControl "40/5400+30:1800+30"]

1. e4 e5 2. Nf3 Nc6 3. Bc4 Bc5 4. c3 Nf6 5. d4 exd4 6. e5 d5 7. Be2 Ne4 8. cxd4 Bb6 9. Nc3 O-O 10. O-O Kh8 11. Be3 f5 12. exf6 Nxf6 13. h3 Bf5 14. Na4 Ne4 15. Rc1 Qe8 16. Bb5 Bd7 17. Bxc6 Bxc6 18. Nxb6 axb6 19. a3 Nd6 20. Bd2 Nc4 21. Bb4 Rf4 22. Re1 Qg6 23. Rc3 Re4 24. b3 Nd6 25. Ne5 Qe8 26. Rxe4 dxe4 27. Qg4 Rd8 28. Rg3 Qe7 29. Bd2 Re8 (29... Ra8 $16) 30. Qh5 $18 Qe6 31. Rg6 $1 ({Worse is} 31. Qg5 Nf5 $11) 31... Qg8 (31... Qd5 $2 32. Rxg7 $3 Qg8 33. Rxg8+ $18) 32. Rxd6 (32. Rg5 $1 $18 {[%csl Gg5,Gh5][%cal Re5g6] and the rest is easy.} Re6 33. d5) 32... Rxe5 $16 33. dxe5 cxd6 34. exd6 Qxb3 35. Qf5 e3 36. Qc8+ Qg8 37. Qxg8+ Kxg8 38. Bxe3 b5 39. f3 Kf7 40. Kf2 Ke6 41. Bc5 b6 (41... Kf5 $16 {was worth a try.}) 42. Bb4 $1 $18 ({Resist} 42. Bxb6 $6 Kxd6 43. Ke3 Bd5 $14) 42... Kf5 43. Kg3 Be8 44. Bc3 g6 45. Bd2 Ke5 46. Bb4 Kf5 47. Kf2 Ke5 48. Ke3 Bd7 49. Kf2 Be8 $1 50. Ke2 Bc6 51. Kf1 Bd7 52. Kg1 Bc6 53. Kh2 Be8 54. g4 Kf4 55. Kg2 Bc6 {[%emt 0:00:10] [#]} 56. Kf2 $1 Ke5 57. Kg3 Ke6 58. f4 h6 59. Kf2 Bd7 60. Kf3 Bc6+ 61. Ke3 Bd7 62. Ke4 Bc6+ 63. Kd4 Bd7 64. Kd3 Kd5 65. Ke3 ({White should play} 65. Ke2) 65... Ke6 $1 $16 66. Kf3 Bc6+ 67. Kg3 Bd7 68. h4 Be8 69. Kf3 Bc6+ {[%emt 0:02:13] [#]} 70. Kf2 $1 Bd7 71. Ke3 Bc6 72. Kd3 Bd7 73. Ke4 Bc6+ 74. Ke3 Bd7 75. Kf2 Bc6 76. Ke2 Be8 77. Ke3 Bc6 78. Kd4 Bd7 79. h5 gxh5 80. gxh5 Bc6 81. Ke3 Be8 82. Ke4 Bxh5 83. f5+ Kd7 84. Ke5 Bd1 85. Be1 h5 86. Bg3 Bb3 87. Kf6 h4 88. Be5 h3 89. Kg7 Ke8 90. f6 Be6 91. Bh2 Ba2 92. Kg6 Bf7+ 93. Kg5 Kd7 94. Kf5 Be6+ 95. Ke5 Bf7 96. Bg3 Ba2 97. Bh2 Bf7 98. Bf4 Ba2 99. Kf5 Be6+ 100. Kg5 Bf7 101. Kg4 Be6+ 102. Kh5 Bf7+ 103. Kh6 Be6 104. Be5 (104. Kg6 $5 Ke8 105. Kg7 $11) 104... Ba2 105. Kg5 Bf7 106. Kf5 Be6+ 107. Kg6 Ke8 108. Bf4 Bf7+ 109. Kf5 Kd7 110. Be5 Be6+ 111. Kg5 Bf7 112. Kh6 Be6 113. Kg5 Bf7 114. Kh6 Be6 115. Kg5 Bf7 1/2-1/2

[Event "USA Championship 2022"]
[Site "Saint Louis"]
[Date "2022.10.09"]
[Round "5.5"]
[White "Shankland, Sam"]
[Black "Moradiabadi, Elshan"]
[Result "1-0"]
[ECO "B28"]
[WhiteElo "2712"]
[BlackElo "2534"]
[Annotator "TA"]
[PlyCount "117"]
[EventDate "2022.09.05"]
[EventType "tourn"]
[EventCountry "USA"]
[SourceTitle "playchess.com"]
[Source "ChessBase"]
[SourceQuality "1"]
[TimeControl "40/5400+30:1800+30"]

1. e4 c5 2. Nf3 a6 3. g3 Nc6 4. Bg2 g6 5. O-O Bg7 6. Re1 {[%emt 0:01:38] B28: Sicilian: 2 Nf3 a6 (O'Kelly Variation).} e5 7. Nc3 Nge7 {[%emt 0:00:20] [#]} 8. a3 $146 {[%emt 0:07:07] The position is equal.} ({Predecessor:} 8. d3 d6 9. Nd2 O-O 10. Nd5 b5 11. a4 Bb7 12. Nf1 Nxd5 13. exd5 Ne7 14. Ne3 {0-1 (44) Boshra,A (1911)-Darban,M (2263) Marmaris 2022}) 8... d6 9. Rb1 O-O 10. b4 b5 11. d3 cxb4 12. axb4 Bg4 13. Nd5 Nxd5 14. exd5 Nd4 {[%emt 0:00:02] Strongly threatening ...Qf6.} 15. c3 Nxf3+ 16. Bxf3 Bxf3 17. Qxf3 a5 18. Ba3 (18. bxa5 $11 Qxa5 19. Rb3) 18... axb4 19. Bxb4 f5 20. Ra1 Qd7 21. Rxa8 Rxa8 22. Qe3 Bf8 23. f4 Re8 24. Kf2 e4 25. Qd4 Bg7 26. Qe3 Qb7 27. dxe4 fxe4 28. Rd1 Qa6 29. Kg2 Qa2+ 30. Rd2 Qc4 31. Qe2 Qxe2+ (31... e3 32. Qxc4 bxc4 33. Re2 $16) (31... Rc8 {with more complications.} 32. Qg4 Kh8 33. Qe6 Rd8) 32. Rxe2 $11 {[%emt 0:00:01][%mdl 4096] Endgame KRB-KRB} Rc8 33. Re3 (33. Bxd6 Rxc3 34. Rxe4 Rd3) 33... Rc4 34. Kf1 Bf6 35. g4 g5 36. f5 (36. Bxd6 Bxc3 37. Be5 (37. fxg5 b4 $17) 37... Bd2 $17) 36... Be5 37. Re2 e3 (37... Kf7 $15) 38. Rxe3 Bxh2 (38... Rxg4 $2 39. Rxe5 $1 Rxb4 40. cxb4 $18) 39. Kg2 Bf4 (39... Be5 $2 40. Rxe5 Rxg4+ 41. Kf3 Rf4+ 42. Ke3 Rxb4 43. cxb4 $18) 40. Re7 Be5 $2 {[%emt 0:03:53][%mdl 8192] [#] Black cannot hold the game after this.} (40... Kf8 $11 41. f6 (41. Rxh7 Be5 $11) 41... h6) 41. Rxe5 $1 $18 Rxg4+ {[%emt 0:30:05] [#]} (41... dxe5 $2 42. d6 Rxg4+ 43. Kf2 $18) 42. Kf3 $1 Rxb4 43. cxb4 {[%emt 0:02:09] Threatening mate with Re6.} dxe5 {[%emt 0:00:03] KP-KP} 44. d6 {[%emt 0:00:06] White wants to mate with d7.} Kf7 {[%emt 0:00:03] Threatens to win with ...h5.} 45. Ke4 g4 46. Kd5 {[%emt 0:00:11] Intending d7 and mate.} (46. Kxe5 g3 47. f6 g2 $19) 46... g3 47. d7 g2 (47... Ke7 $2 48. Kc6 g2 49. f6+ Ke6 50. d8=Q $18) 48. d8=Q g1=Q {[%emt 0:00:05] Inhibits Qb6. ( -> ...Qd4+). KQ-KQ} 49. Qc7+ Kg8 $2 {[%emt 0:04:24] [#]} (49... Ke8 50. Qxe5+ Kf7) 50. Ke6 $1 {[%emt 0:01:36] White threatens Qf7+ and mate.} h6 51. Qf7+ Kh8 52. Qe8+ Kh7 53. Qd7+ Kh8 54. f6 {[%emt 0:00:00][%cal Bf5f6,Bf6f7][%mdl 32] White mates.} ({Less strong is} 54. Qxb5 Qg8+ 55. Kxe5 Qg7+ 56. Ke6 Qg8+ 57. Ke7 Qg7+ 58. Ke8 Qg8+ 59. Ke7 Qg5+ 60. Ke6 Qg8+ 61. Ke7 $18) 54... e4 55. f7 Qg4+ 56. Ke7 Qg5+ 57. Ke8 Qg6 58. Qd4+ Kh7 59. Ke7 {[%emt 0:00:00] Weighted Error Value: White=0.11 (very precise) /Black=0.28 (precise)} 1-0

[Event "USA Championship 2022"]
[Site "Saint Louis"]
[Date "2022.10.09"]
[Round "5.6"]
[White "Xiong, Jeffery"]
[Black "Lenderman, Aleksandr"]
[Result "1/2-1/2"]
[ECO "A07"]
[WhiteElo "2690"]
[BlackElo "2535"]
[Annotator "TA"]
[PlyCount "97"]
[EventDate "2022.09.05"]
[EventType "tourn"]
[EventCountry "USA"]
[SourceTitle "playchess.com"]
[Source "ChessBase"]
[SourceQuality "1"]
[TimeControl "40/5400+30:1800+30"]

1. Nf3 d5 2. g3 c6 3. Bg2 Bg4 4. O-O Nd7 5. h3 Bh5 6. d3 Ngf6 7. Qe1 e5 8. e4 dxe4 9. dxe4 Be7 10. Nbd2 O-O {[%emt 0:03:30] A07: Réti Opening: New York and Capablanca Systems.} 11. Nc4 {[%emt 0:00:27] 11.Nh4 is the hot move.} Qc7 12. Bd2 Rfe8 13. a4 Bf8 14. Nh4 {[%emt 0:18:47][%cal Bf3h4,Bh4f5,Bf5d6][%mdl 32] [#]} b5 $5 $146 {[%emt 0:10:38][%mdl 8] New and interesting.} ({Predecessor:} 14... Nc5 15. Ba5 b6 16. Bc3 Nfd7 17. f4 f6 18. fxe5 fxe5 19. Ne3 Ne6 20. Nef5 Rad8 {1-0 (48) Nakamura,H (2793)-Pelletier,Y (2541) Zuerich 2017}) 15. axb5 cxb5 16. Ne3 Nb6 17. b3 Bc5 18. Nhf5 a6 19. Bb4 Bg6 20. Qc3 Nbd7 21. Rfd1 Qa7 22. Bxc5 Nxc5 23. Nd6 Ncxe4 24. Qb4 Nxd6 25. Rxd6 ({But not} 25. Bxa8 Qxa8 26. Rxd6 Qf3 $11) 25... Rab8 26. Raxa6 Qe7 27. Qh4 {[%emt 0:09:04] White is much more active.} (27. Qa5 $16) 27... Red8 28. Rxd8+ (28. Rxf6 {is interesting.} gxf6 29. Rxf6 Re8 30. Qg5) 28... Qxd8 29. Qb4 h6 30. Ra5 Qd4 31. c4 Ne4 32. Rxb5 Rxb5 33. Qxb5 Nxf2 {[%emt 0:01:16][%mdl 64] [#] Decoy} 34. Kxf2 Qd2+ 35. Kg1 ({Wrong is} 35. Kf3 $2 e4+ 36. Kf4 Qf2+ 37. Kg4 Qxe3 $19) 35... Qxe3+ $11 {[%emt 0:00:05][%mdl 4096] Endgame KQB-KQB} 36. Kh2 e4 {[%emt 0:06:14] ...Qd2 is the strong threat.} 37. c5 Qf2 {[%emt 0:01:05] [#] And now ...e3 would win.} 38. Qb8+ Kh7 39. Qf4 {[%emt 0:00:03] The position is equal.} Qxc5 {[%emt 0:01:49] Hoping for ...e3.} 40. Bxe4 Bxe4 41. Qxe4+ {[%emt 0:30:04] KQ-KQ} f5 42. b4 $1 Qb5 (42... fxe4 $2 43. bxc5 Kg6 44. c6 $18) 43. Qc2 Qxb4 44. Qxf5+ Kh8 45. Qc8+ Kh7 46. Qf5+ Kh8 47. Qc8+ Kh7 48. Qf5+ Kh8 49. Qc8+ {[%emt 0:00:07] Weighted Error Value: White=0.19 (very precise) /Black=0.04 (flawless)} 1/2-1/2

[Event "USA Championship 2022"]
[Site "Saint Louis"]
[Date "2022.10.09"]
[Round "5.7"]
[White "Caruana, Fabiano"]
[Black "So, Wesley"]
[Result "1/2-1/2"]
[ECO "C67"]
[WhiteElo "2763"]
[BlackElo "2774"]
[Annotator "TA"]
[PlyCount "149"]
[EventDate "2022.09.05"]
[EventType "tourn"]
[EventCountry "USA"]
[SourceTitle "playchess.com"]
[Source "ChessBase"]
[SourceQuality "1"]
[TimeControl "40/5400+30:1800+30"]

1. e4 e5 2. Nf3 Nc6 3. Bb5 Nf6 4. O-O Nxe4 5. Re1 Nd6 6. Nxe5 Be7 7. Bf1 Nxe5 8. Rxe5 O-O 9. Nc3 {[%emt 0:00:12][%cal Bb1c3,Bc3d5,Bd5e3,Be3f5][%mdl 32] C67: Ruy Lopez: Berlin Defence: 4 0-0 Nxe4.} Ne8 (9... Bf6 10. Re1 Re8 11. Nd5 Rxe1 12. Nxf6+ Qxf6 13. Qxe1 b6 14. d3 Bb7 15. Qb4 c5 16. Qf4 Qxf4 17. Bxf4 Nf5 18. Re1 f6 19. c3 g5 20. Bd2 Bd5 21. a3 h5 22. f3 Kf7 23. Kf2 a5 24. Be2 {½-½ (41) Caruana,F (2792)-So,W (2772) Chess.com INT 2022}) 10. Nd5 Bd6 11. Re1 c6 (11... Qh4 12. g3 Qd8 13. d4 $16) 12. Ne3 Be7 ({But not} 12... Qh4 13. g3 Qf6 14. d4 $14) 13. Nf5 Bg5 14. d3 Bxc1 (14... g6 {seems wilder.} 15. Qg4 Bxc1 16. Ne7+ Kg7) 15. Qxc1 d5 16. Ne7+ Kh8 {[%emt 0:00:04] [#] aiming for ...Be6.} 17. Nxc8 Rxc8 {[%emt 0:00:25] [#]} 18. g3 $146 ({Predecessor:} 18. Qe3 Qb6 19. c4 Qxb2 20. Qxa7 dxc4 21. Rab1 Qf6 22. dxc4 Nd6 23. c5 Ra8 24. Qb6 {½-½ (33) Lie,K (2521)-Holm,K (2467) Norway 2020}) 18... Nf6 19. c4 c5 20. Qf4 b6 21. Rad1 Qc7 22. Qxc7 Rxc7 23. d4 cxd4 24. cxd5 Nxd5 25. Rxd4 Nf6 26. Rd6 Kg8 27. b3 Rfc8 28. Ba6 Rc1 29. Rdd1 Rxd1 30. Rxd1 $11 {[%emt 0:00:04][%mdl 4096] Endgame KRB-KRN} Re8 31. Rc1 {[%emt 0:02:10] Threatening Rc7.} Kf8 $1 32. Kg2 g5 33. Rc7 Re7 34. Rxe7 Kxe7 {[%emt 0:00:00] KB-KN} 35. Kf3 Kd6 36. Bc4 a5 37. Bxf7 Ke5 38. a4 Kd4 39. Bc4 h6 40. h4 Ke5 $1 41. hxg5 hxg5 42. Ke3 {[%emt 0:00:00] [#] Black must now prevent Kd3.} Ng4+ $1 43. Ke2 Kd4 $1 44. Bb5 Nf6 45. Kf3 Ke5 46. Ke3 Ng4+ $1 47. Ke2 Kd4 $1 48. Bc6 Ne5 49. Bb5 (49. Be8 $5 ) 49... Ng4 50. f3 Ne3 51. Bd3 (51. Kf2 $5 ) 51... Nd5 52. Kd2 Nf6 53. Bg6 Nd5 54. Bf7 {[%emt 0:00:00] Bxd5 is the strong threat.} Nf6 55. Ke2 Nd7 56. Bg8 Nc5 57. Kd2 Nd7 58. Bh7 Nf6 59. Bg6 Nd5 60. Ke2 Nc3+ 61. Kf2 Nd1+ ({Black should play} 61... b5 $11) 62. Ke1 ({White should try} 62. Kg2 $1 $14) 62... Nc3 {[%emt 0:01:09] The position is equal.} 63. f4 gxf4 64. gxf4 b5 65. axb5 Nxb5 66. Kf2 Nc3 67. Kf3 a4 68. bxa4 Nxa4 69. Kg4 Nc3 70. Bf7 Ne2 71. f5 Ke5 72. Bc4 Ng3 73. Kg5 Nxf5 74. Bd5 Kxd5 75. Kxf5 {[%emt 0:00:01] Weighted Error Value: White=0.03 (flawless) /Black=0.02 (flawless)} 1/2-1/2

[Event "USA Championship 2022"]
[Site "Saint Louis"]
[Date "2022.10.11"]
[Round "6.1"]
[White "So, Wesley"]
[Black "Dominguez Perez, Leinier"]
[Result "1/2-1/2"]
[ECO "A36"]
[WhiteElo "2774"]
[BlackElo "2747"]
[Annotator "TA"]
[PlyCount "80"]
[EventDate "2022.09.05"]
[EventType "tourn"]
[EventCountry "USA"]
[SourceTitle "playchess.com"]
[Source "ChessBase"]
[SourceQuality "1"]
[TimeControl "40/5400+30:1800+30"]

1. c4 c5 2. g3 g6 3. Bg2 Bg7 4. Nc3 Nc6 5. a3 (5. Nf3 d6 6. O-O Bg4 7. h3 Bxf3 8. Bxf3 e6 9. d3 Nge7 10. Bd2 O-O 11. a3 d5 12. cxd5 exd5 13. Rb1 Qd7 14. Bg2 Rad8 15. b4 {1-0 (54) So,W (2772)-Dominguez Perez,L (2758) chess24.com INT 2021}) 5... b6 6. Nf3 {[%emt 0:01:08] A36: Symmetrical English vs ...g6: 4 Bg2 Bg7.} Bb7 7. O-O Nd4 8. e4 {[%emt 0:03:01] [#]} Nxf3+ $146 ({Predecessor:} 8... e5 9. d3 Ne7 10. Nxd4 cxd4 11. Nd5 Nxd5 12. exd5 O-O 13. f4 d6 14. Bd2 a5 {0-1 (32) Mort,A (2017)-Brett,A (2087) England 2012}) 9. Bxf3 d6 10. d3 e6 11. Be3 Ne7 12. Bg2 Nc6 13. Qd2 Nd4 14. Rab1 O-O 15. b4 Qd7 16. Ne2 Nxe2+ 17. Qxe2 cxb4 18. axb4 d5 19. exd5 exd5 {[%emt 0:00:05] The position is equal.} 20. c5 d4 {[%emt 0:01:22] [#] Hoping for ...Rae8.} 21. Bxb7 Qxb7 22. Bf4 Rfe8 23. Qc2 {[%emt 0:02:45] Black must now prevent c6.} Rac8 24. Bd6 Be5 25. Bxe5 Rxe5 26. Rfe1 Rxe1+ 27. Rxe1 bxc5 28. bxc5 $11 {[%emt 0:01:13][%mdl 4096] Endgame KQR-KQR} Qd5 29. Rc1 Rc6 30. Qc4 Qxc4 31. Rxc4 {[%emt 0:00:04] KR-KR} Kg7 32. Kg2 Kf6 33. Rxd4 Rxc5 34. Rd6+ Kg7 35. Ra6 Rd5 36. Rxa7 Rxd3 37. Rb7 Rc3 38. Ra7 Rd3 39. Rb7 Rc3 40. Ra7 Rd3 {[%emt 0:00:29] A balanced but interesting game.  Weighted Error Value: White=0.03 (flawless) /Black=0.02 (flawless)} 1/2-1/2

[Event "USA Championship 2022"]
[Site "Saint Louis"]
[Date "2022.10.11"]
[Round "6.2"]
[White "Moradiabadi, Elshan"]
[Black "Caruana, Fabiano"]
[Result "0-1"]
[ECO "B46"]
[WhiteElo "2534"]
[BlackElo "2763"]
[Annotator "TA"]
[PlyCount "88"]
[EventDate "2022.09.05"]
[EventType "tourn"]
[EventCountry "USA"]
[SourceTitle "playchess.com"]
[Source "ChessBase"]
[SourceQuality "1"]
[TimeControl "40/5400+30:1800+30"]

1. e4 c5 2. Nf3 e6 3. d4 cxd4 4. Nxd4 Nc6 5. Nc3 a6 6. Bf4 d6 7. Bg3 Be7 {[%emt 0:09:38] B46: Sicilian: Taimanov: 5 Nc3 a6.} 8. Be2 Bd7 9. Nb3 {[%emt 0:06:17] [#]} e5 $146 {[%emt 0:08:35] The position is equal.} ({Predecessor:} 9... Qc7 10. Qd2 Rd8 11. O-O-O Bc8 12. Kb1 Nf6 13. Rhe1 O-O 14. Qe3 b5 15. a3 Ne5 {0-1 (50) Prraneeth,V (2457)-Puranik,A (2612) Biel 2022}) 10. Bg4 Bxg4 11. Qxg4 h5 12. Qh3 (12. Qxg7 $2 Bf6 13. Bh4 Bxg7 $19) 12... h4 13. f3 Bg5 14. O-O Rh6 $36 {[%emt 0:07:06][%mdl 2048] Black is pushing.} 15. Bf2 Nf6 16. Rad1 Qc7 17. Nc1 Kf8 18. a3 {[%emt 0:11:51] [#]} (18. Nd3 $11) 18... Na5 (18... Nd8 $1 $17) 19. Nd3 $11 Nc4 20. Nb4 (20. Rfe1 $11 {keeps the balance.}) 20... Qc8 (20... Nxb2 {with more complications.} 21. Nbd5 Nxd5 22. Nxd5 Qc8) 21. Qxc8+ Rxc8 22. Na4 ({Only move:} 22. Nbd5) 22... a5 $17 23. Na2 (23. Nd3 $17 {was called for.}) 23... Ne3 24. N2c3 Nxd1 (24... Nxf1 25. Kxf1 Rc6 26. Nb6 $17) 25. Rxd1 Rc6 26. Kf1 Bf4 27. h3 Kg8 28. Bb6 Rg6 29. Bxa5 Be3 {[%emt 0:01:10] Against Nb6} 30. Rd3 (30. Bd8 $1 $15) 30... Bd4 {[%emt 0:00:05] Black is more active.} 31. Bd8 (31. b3 $17 {is a better defense.}) 31... b5 $19 32. Bxf6 gxf6 (32... Rxf6 33. Nd5 (33. Nxb5 $2 Rxc2 34. Nac3 Bxc3 $19) 33... Rxc2 34. Nxf6+ gxf6 35. Nc3 Rf2+ 36. Ke1 Rxb2 37. Ne2 $17) 33. Nd5 {[%emt 0:00:04] And now Ne7+ would win.} (33. Nxb5 Rxc2 34. Nxd4 exd4 35. Rxd4 Rgxg2 $19) 33... Rxc2 34. Ne7+ Kh7 35. Nxg6 Kxg6 {[%emt 0:00:15][%mdl 4096] Endgame KRB-KRN} ({But not} 35... fxg6 $2 36. Nc3 Rxb2 37. Nd1 $19) 36. Nc3 Rf2+ ({Don't blunder} 36... Rxb2 $2 37. Nd1 Rb1 38. Ke2 $19) 37. Ke1 {[%emt 0:00:01][%cal Od3d4] Rxd4! is the strong threat.} Rxb2 38. Nd5 Bc5 ({Weaker is} 38... Rxg2 {[#]} 39. Rxd4 $1 Rg3 40. Rd3 $14) 39. f4 Rxg2 40. Ne7+ Kh5 {[%emt 0:01:51] Threatens to win with ...Rg3.} 41. fxe5 $2 (41. Nf5) 41... fxe5 {[%emt 0:03:44] Black is clearly winning.} 42. Rf3 Rg3 43. Rf5+ Kh6 44. Rf6+ Kg7 {[%emt 0:00:25] Weighted Error Value: White=0.30/Black=0.09 (flawless)} 0-1